 Dungeon Crawl Stone Soup version 0.29.1-13-g9f3cf754e1 (webtiles) character file.

Game seed: 6849492326004713709

2 Thatpatchoflichen the Trooper (level 1, 0/24 HPs)
             Began as an Ogre Fighter on Jan 29, 2023.
             Slain by a quokka (1 damage)
             ... on level 1 of the Dungeon.
             The game lasted 00:00:29 (210 turns).

Thatpatchoflichen the Trooper (Ogre Fighter)         Turns: 210, Time: 00:00:30

Health: 0/24       AC:  3    Str: 19    XL:     1   Next: 30%
Magic:  1/1        EV:  8    Int:  9    God:
Gold:   55         SH:  7    Dex:  8    Spells: 0/0 levels left

rFire   . . .      SeeInvis .   a - +0 long sword
rCold   . . .      Faith    .   c - +0 kite shield
rNeg    . . .      Spirit   .   b - +0 robe
rPois   .          Reflect  .   (helmet restricted)
rElec   .          Harm     .   (no cloak)
rCorr   .          Rampage  .   (gloves unavailable)
Will    .....                   (boots unavailable)
Stlth   +.........              (no amulet)
HPRegen 0.08/turn               (no ring)
MPRegen 0.07/turn               (no ring)

@: no status effects
A: large, unfitting armour, tough skin 1
a: no special abilities


You were on level 1 of the Dungeon.
You visited 1 branch of the dungeon, and saw 2 of its levels.

You collected 55 gold pieces.

Inventory:

Hand Weapons
 a - a +0 long sword (weapon)
Armour
 b - a +0 robe (worn)
 c - a +0 kite shield (worn)
Potions
 d - a potion of might
 e - a potion of invisibility {unknown}
 f - a potion of curing {unknown}


   Skills:
 + Level 4.0 Fighting
 + Level 1.8 Long Blades
 + Level 2.7 Dodging
 + Level 3.0 Shields


You couldn't memorise any spells.
You didn't know any spells.
Your spell library was empty.

Dungeon Overview and Level Annotations

Branches:
Dungeon (2/15)

Altars:


Innate Abilities, Weirdness & Mutations

You are too large for most types of armour.
You have tough skin. (AC +1)


Message History

The quokka bites you. You block the frilled lizard's attack.
You miss the frilled lizard.
The frilled lizard is heavily wounded.
The quokka bites you.
The frilled lizard bites you but does no damage.
The quokka completely misses you. The frilled lizard bites you.
You slash the frilled lizard!
You kill the frilled lizard!
You block the quokka's attack. The quokka bites you.
The quokka barely misses you.
You see here a frilled lizard corpse.
The quokka bites you.
Found 12 gold pieces.
The quokka bites you.
* * * LOW HITPOINT WARNING * * *
You completely miss the quokka. You block the quokka's attack.
The quokka barely misses you.
You hit the quokka.
The quokka is lightly wounded.
The quokka bites you.
* * * LOW HITPOINT WARNING * * *
You block the quokka's attack.
You miss the quokka.
The quokka is lightly wounded.
The quokka barely misses you. You block the quokka's attack.
You closely miss the quokka.
The quokka is lightly wounded.
You block the quokka's attack.
You closely miss the quokka.
The quokka is lightly wounded.
The quokka bites you but does no damage.
The quokka closely misses you.
You miss the quokka.
The quokka is lightly wounded.
The quokka bites you but does no damage.
The quokka bites you.
* * * LOW HITPOINT WARNING * * *
You closely miss the quokka.
The quokka is lightly wounded.
The quokka bites you.
You die...

######.......#...###.#.#.#
.............#...#.......#
#####.#####......#.#.###.#
#...#.#
#...#..#.#.....#.##
#.<.'.#
#......#.##.......#
#...#.#
#.................#
#####.#
##........###.####.# . ...
.......r†.# .# # ## #.##
#.....@..# .# # #.#
#........# ## #.+
#........... .#
#.............
#.....#....##.#
....#.#..#...$ . ......
....#.#. .#.... ......#


You could see a quokka.

Vanquished Creatures
  A kobold (D:1)
  A frilled lizard (D:1)
2 creatures vanquished.

Notes
Turn   | Place    | Note
-------+----------+-------------------------------------------
     0 | D:1      | Thatpatchoflichen the Ogre Fighter began the quest for the
                  | Orb.
     0 | D:1      | Reached XP level 1. HP: 24/24 MP: 1/1
   209 | D:1      | HP: 1/24 [quokka (3)]
   210 | D:1      | Slain by a quokka

Illustrated notes

Levels and vault maps discovered:
D:1:      minmay_arrival_four_houses, layout_basic
D:2:      layout_loops_cross, nicolae_ecumenical_snake_handling

Action                   || total
-------------------------++-------
Melee: Long sword        ||    18
Armor: Robe              ||     7
Dodge: Dodged            ||    11
Block: Kite shield       ||    11
